 Dungeon Crawl Stone Soup version 0.15.1-3-g1b33baa (webtiles) character file.

11853 Heini the Basher (level 11, -3/105 HPs)
             Began as a Minotaur Fighter on Oct 12, 2014.
             Was a High Priest of Okawaru.
             Slain by a killer bee (7 damage)
             ... on Level 11 of the Dungeon.
             The game lasted 00:33:47 (9728 turns).

Heini the Basher (Minotaur Fighter)                 Turns: 9728, Time: 00:33:48

HP  -3/105       AC 13     Str 24      XL: 11   Next: 54%
MP   5/5         EV  7     Int  5      God: Okawaru [*****.]
Gold 824         SH  9     Dex 10      Spells:  0 memorised, 10 levels left

rFire  + . .     SeeInvis .     e - +1 morningstar
rCold  . . .     Clarity  .     b - +1 scale mail
rNeg   . . .     rCorr    .     c - +0 shield
rPois  .         rRot     .     y - +0 hat
rElec  .         Spirit   .     (no cloak)
SustAb .         Warding  .     (no gloves)
rMut   .         Stasis   .     f - +2 pair of boots {+Jump}
Gourm  .                        (no amulet)
MR     .....                    h - cursed ring of regeneration
                                I - ring of protection from fire

@: lethally poisoned, about to teleport, not resistant to hostile enchantments,
extremely unstealthy
A: retaliatory headbutt, horns 2
a: Heroism, Finesse, Renounce Religion, Evoke Jump Attack


You were on level 11 of the Dungeon.
You worshipped Okawaru.
Okawaru was extremely pleased with you.
You were hungry.

You visited 2 branches of the dungeon, and saw 12 of its levels.
You also visited: Bailey.

You collected 824 gold pieces.

Inventory:

Hand weapons
 a - a +0 flail
 e - a +1 morningstar (weapon)
 u - a +2 whip of electrocution
Armour
 b - a +1 scale mail (worn)
 c - a +0 shield (worn)
 f - a +2 pair of boots of jumping (worn)
 y - a +0 hat (worn)
Magical devices
 t - a wand of polymorph (23)
 E - a wand of draining (5)
 F - a wand of frost (14)
 M - a wand of digging (8)
Comestibles
 d - 7 bread rations
 g - 5 meat rations
 i - a beef jerky
 m - 11 fruits
 p - 5 slices of pizza
 x - a royal jelly
 R - a chunk of bat flesh
Scrolls
 k - 3 scrolls of fog
 l - 3 scrolls of enchant weapon
 s - 2 scrolls of remove curse
 v - 4 scrolls of identify
 A - 3 scrolls of magic mapping
 K - 2 scrolls of recharging
 U - 3 scrolls of vulnerability {unknown}
Jewellery
 h - a cursed ring of regeneration (right hand)
 r - an uncursed ring of protection from cold
 I - a ring of protection from fire (left hand)
 N - an uncursed ring of ice
 O - an uncursed ring of fire
 P - a +1 ring of strength
Potions
 j - 2 potions of cure mutation
 n - 3 potions of poison
 o - a potion of mutation
 q - 3 potions of cancellation
 z - a potion of lignification
 C - a potion of brilliance
 D - 2 potions of agility
 H - a potion of haste
 J - 2 potions of berserk rage
 V - a potion of curing
Books
 G - a book of Ice

   Spells                             Type                      Level
   Metabolic Englaciation             Hexes/Ice                    5
   Ozocubu's Refrigeration            Ice                          6
   Bolt of Cold                       Conjuration/Ice              6
   Freezing Cloud                     Conjuration/Ice/Air          6
   Simulacrum                         Ice/Necromancy               6
 L - a book of Callings

   Spells                             Type                      Level
   Summon Small Mammal                Summoning                    1
   Call Imp                           Summoning                    2
   Call Canine Familiar               Summoning                    3
   Summon Guardian Golem              Hexes/Summoning              4
   Summon Lightning Spire             Summoning/Air                4
   Summon Ice Beast                   Ice/Summoning                4
 S - a Grand Grimoire {highlevel, unknown}

   This book is beyond your current level of understanding.

   Spells                             Type                      Level
   Aura of Abjuration                 Summoning                    6
   Forceful Dismissal                 Summoning                    6
   Summon Greater Demon               Summoning                    7
   Malign Gateway                     Summoning/Translocation      7
   Summon Horrible Things             Summoning                    8
 T - a book of Conjurations

   Spells                             Type                      Level
   Magic Dart                         Conjuration                  1
   Searing Ray                        Conjuration                  2
   Dazzling Spray                     Conjuration/Hexes            3
   Fulminant Prism                    Conjuration/Hexes            4
   Iskenderun's Mystic Blast          Conjuration                  4
   Iskenderun's Battlesphere          Conjuration/Charms           5


   Skills:
 * Level 12.4 Fighting
 * Level 14.2 Maces & Flails
 * Level 11.4 Armour
 - Level 3.6 Shields
 + Level 1.0 Evocations


You had 10 spell levels left.
You didn't know any spells.

Dungeon Overview and Level Annotations

Branches:
Dungeon (11/15)            Temple (1/1) D:7             Orc (0/4) D:10
   Lair: D:8-11

Altars:
Ashenzari
Cheibriados
Dithmenos
Elyvilon
Fedhas
Kikubaaqudgha
Makhleb
Nemelex Xobeh
Okawaru
Qazlal
Sif Muna
Trog
Vehumet
Xom
Yredelemnul
Zin
The Shining One

Shops:
D:5 %   D:8 *   D:9 ?

Annotations:
D:9 exclusion: 2 oklob saplings


Innate Abilities, Weirdness & Mutations

You reflexively headbutt those who attack you in melee.
You have a pair of horns on your head.


Message History

The killer bee stings you.
* * * LOW HITPOINT WARNING * * *
The killer bee barely misses you. You furiously retaliate!
You headbutt the killer bee. The killer bee closely misses you.
Use which ability? (? or * to list)
Aiming: Jump Attack
Press: ? - help, Dir - move target cursor Really jump-attack where there is no visible monster?
Okay, then.
Evoke which item? (* to show all) (? for menu, Esc to quit)
Okay, then.
Read which item? (? for menu, Esc to quit)
As you read the scroll of teleportation, it crumbles to dust.
You feel strangely unstable.
You feel sick.
The killer bee stings you but does no damage.
The killer bee completely misses you. You block the killer bee's attack.
The killer bee stings you.
* * * LOW HITPOINT WARNING * * *
The killer bee completely misses you. The killer bee stings you!
You die...

...# *,*,,,,,,#..#
...# #.#,,,,,,#..#
...# #.#,,,,,,#Y.#
...# #.########..#
<..######.........r.#
....................#
................r...#
...............yyy..#
######..........@...#
#......####.####
#......# #.# #......#
#.# #......# #.#
######## #.# #.# ###


You could see a yak, 3 killer bees and 2 rats.

Vanquished Creatures
  Fannar (D:11)
  A deep elf knight (Bailey)
  2 hill giants (D:10)
  The ghost of DaftWullie the Slicer, an experienced KoBe of Trog (D:6)
  A gargoyle (D:11)
  An item mimic (D:7)
  2 deep elf priests (Bailey)
  2 trolls
  A two-headed ogre (D:10)
  Prince Ribbit (D:7)
  A boulder beetle (D:8)
  3 deep elf magi (Bailey)
  A hill giant zombie (D:10)
  A yak (D:11)
  Grum (D:9)
  5 deep elf fighters (Bailey)
  A hungry ghost (D:8)
  A hippogriff (D:9)
  3 wolves (D:9)
  A human zombie (D:11)
  2 orc warriors (D:6)
  3 black bears
  4 phantoms
  An ogre (D:11)
  A manticore zombie (D:8)
  4 centaurs
  4 ice beasts
  2 necrophages
  A crocodile (D:11)
  Sigmund (D:3)
  2 big kobolds
  4 giant frogs
  6 jellies
  2 scorpions
  A troll zombie (D:10)
  14 killer bees
  2 electric eels (D:7)
  A yak skeleton (D:8)
  3 wandering mushrooms (D:9)
  3 goliath beetles
  3 crimson imps
  A centaur zombie (D:7)
  6 iguanas
  6 orc priests
  2 giant frog skeletons (D:5)
  4 hounds
  4 orc wizards
  5 worker ants
  5 ogre zombies (D:10)
  Ijyb (D:2)
  A mummy (D:9)
  A worker ant zombie (D:10)
  14 adders
  3 gnolls (D:2)
  An inept feature mimic (D:9)
  A shadow imp (D:6)
  2 worms
  7 giant geckos
  3 oozes
  26 orcs
  A bat skeleton (D:6)
  2 giant cockroaches
  16 hobgoblins
  5 quokkas
  2 ball pythons
  21 bats
  A giant newt (D:4)
  14 goblins
  A goblin skeleton (D:10)
  8 goblin zombies
  A hobgoblin skeleton (D:10)
  3 hobgoblin zombies (D:10)
  6 jackals
  20 kobolds
  A kobold skeleton (D:4)
  4 orc skeletons
  10 orc zombies (D:10)
  19 rats
  6 ballistomycetes
329 creatures vanquished.

Vanquished Creatures (others)
  A jelly (D:10)
  A bat (D:11)
  2 giant spores
4 creatures vanquished.

Grand Total: 333 creatures vanquished

Notes
Turn   | Place    | Note
--------------------------------------------------------------
     0 | D:1      | Heini, the Minotaur Fighter, began the quest for the Orb.
     0 | D:1      | Reached XP level 1. HP: 19/19 MP: 1/1
   374 | D:1      | Reached skill level 4 in Armour
   374 | D:1      | Reached XP level 2. HP: 27/27 MP: 1/1
   655 | D:2      | Noticed Ijyb
   669 | D:2      | Killed Ijyb
   672 | D:2      | Reached XP level 3. HP: 28/33 MP: 2/2
   872 | D:2      | Reached XP level 4. HP: 28/41 MP: 2/2
   896 | D:2      | Reached skill level 5 in Armour
  1459 | D:3      | Noticed Sigmund
  1468 | D:3      | Killed Sigmund
  1468 | D:3      | Reached skill level 5 in Fighting
  1468 | D:3      | Reached XP level 5. HP: 16/48 MP: 2/2
  1878 | D:3      | Reached XP level 6. HP: 36/56 MP: 3/3
  2173 | D:4      | Reached skill level 5 in Maces & Flails
  2702 | D:5      | Entered Level 5 of the Dungeon
  2834 | D:5      | Reached skill level 6 in Fighting
  2901 | D:5      | Reached XP level 7. HP: 39/63 MP: 3/3
  3145 | D:5      | Found an ancient bone altar of Kikubaaqudgha.
  3145 | D:5      | Found an iron altar of Okawaru.
  3148 | D:5      | Became a worshipper of Warmaster Okawaru
  3397 | D:5      | Found Pnoss' Food Boutique.
  3496 | D:6      | Reached skill level 7 in Maces & Flails
  3515 | D:6      | Acquired Okawaru's first power
  3515 | D:6      | Reached XP level 8. HP: 25/73 MP: 3/3
  3892 | D:6      | Noticed DaftWullie's ghost (experienced KoBe)
  3926 | D:6      | Killed DaftWullie's ghost
  3926 | D:6      | Reached skill level 8 in Maces & Flails
  4276 | D:6      | Reached skill level 9 in Maces & Flails
  4538 | D:6      | Reached XP level 9. HP: 44/81 MP: 4/4
  4736 | D:7      | Found a staircase to the Ecumenical Temple.
  4745 | Temple   | Entered the Ecumenical Temple
  4991 | D:7      | Found a bloodstained altar of Trog.
  4991 | D:7      | Found a basalt altar of Yredelemnul.
  5073 | D:7      | Killed a bread ration mimic
  5141 | D:7      | Reached skill level 10 in Maces & Flails
  5695 | D:7      | Noticed Prince Ribbit
  5706 | D:7      | Killed Prince Ribbit
  6334 | D:8      | Reached skill level 10 in Armour
  6474 | D:8      | Reached skill level 11 in Maces & Flails
  6540 | D:8      | Reached XP level 10. HP: 79/93 MP: 4/4
  6775 | D:8      | Found Unust's Assorted Antiques.
  6894 | D:8      | Reached skill level 10 in Fighting
  7738 | D:9      | Found Noomm's Magic Scroll Boutique.
  7775 | D:9      | Found a glowing golden altar of the Shining One.
  7775 | D:9      | Noticed Grum
  7806 | D:9      | Killed Grum
  7806 | D:9      | Reached skill level 12 in Maces & Flails
  8094 | D:9      | Found a blossoming altar of Fedhas.
  8246 | D:10     | Entered Level 10 of the Dungeon
  8294 | D:10     | Found a staircase to the Orcish Mines.
  8527 | D:10     | Noticed a hill giant
  8536 | D:10     | Killed a hill giant
  8544 | D:10     | Acquired Okawaru's second power
  8935 | D:10     | Noticed a hill giant
  8941 | D:10     | Killed a hill giant
  8941 | D:10     | Reached skill level 13 in Maces & Flails
  9049 | D:11     | Reached XP level 11. HP: 78/102 MP: 5/5
  9053 | D:11     | Noticed Fannar
  9072 | D:11     | Killed Fannar
  9089 | D:11     | Received a gift from Okawaru
  9158 | D:11     | Found a flagged portal.
  9168 | Bailey   | Entered a bailey
  9217 | Bailey   | Reached skill level 1 in Evocations
  9269 | Bailey   | Noticed a deep elf knight
  9286 | Bailey   | Killed a deep elf knight
  9407 | Bailey   | Reached skill level 14 in Maces & Flails
  9728 | D:11     | HP: 5/105 [poisoned by a killer bee]
  9728 | D:11     | Slain by a killer bee

Action                   |  1- 3 |  4- 6 |  7- 9 | 10-12 || total
-------------------------+-------+-------+-------+-------++-------
Melee: Flail             |    86 |    73 |       |       ||   159
       Morningstar       |       |   109 |   339 |   433 ||   881
Evoke: Wand              |       |       |       |     4 ||     4
  Use: Scroll            |       |    13 |     4 |     6 ||    23
       Potion            |       |     1 |     2 |     2 ||     5
  Eat: Chunk             |       |     7 |    12 |    12 ||    31
       Fruit             |       |       |       |     1 ||     1
       Pizza             |       |       |       |     1 ||     1
